 Dungeon Crawl Stone Soup version 0.27-a0-1177-g245c70e1c0 (webtiles) character file.

Game seed: 4211086577660380982

128 freelancePsychic the Stinger (level 5, -2/31 HPs)
             Began as an Octopode Venom Mage on May 16, 2021.
             Slain by a killer bee (7 damage)
             ... on level 3 of the Dungeon.
             The game lasted 00:07:57 (2649 turns).

freelancePsychic the Stinger (Octopode Venom Mage)  Turns: 2649, Time: 00:07:57

Health: -2/31      AC:  1    Str:  7    XL:     5   Next: 12%
Magic:  3/10       EV: 13    Int: 19    God:
Gold:   49         SH:  0    Dex: 12    Spells: 5/11 levels left

rFire    + . .     SeeInvis .   b - staff of fire
rCold    . . .     Faith    .   (no shield)
rNeg     . . .     Spirit   .   (helmet restricted)
rPois    .         Reflect  .   (no amulet)
rElec    .         Harm     .   (no ring)
rCorr    .         Rampage  .   (no ring)
Will     .....                  (no ring)
Stlth    +++.......             (no ring)
HPRegen  0.10/turn              (no ring)
MPRegen  0.12/turn              (no ring)
                                (no ring)
                                (no ring)

@: about to teleport, very slightly contaminated
A: almost no armour, amphibious, 8 rings, camouflage 1, gelatinous body 1,
(nimble swimmer 1), tentacles
a: no special abilities


You were on level 3 of the Dungeon.
You visited 1 branch of the dungeon, and saw 3 of its levels.

You collected 49 gold pieces.

Inventory:

Missiles
 c - 33 poisoned darts
Magical Staves
 b - a staff of fire (weapon)
Wands
 j - a wand of polymorph (7)
Scrolls
 h - a scroll of holy word
 i - a scroll of enchant armour {unknown}
Potions
 a - a potion of heal wounds {unknown}
 d - a potion of cancellation {unknown}
 f - 2 potions of degeneration {unknown}
 g - 2 potions of curing {unknown}


   Skills:
 - Level 2.0 Dodging
 - Level 2.6 Stealth
 + Level 3.6 Spellcasting
 - Level 1.0 Transmutations
 + Level 5.4 Poison Magic


You had 5 spell levels left.
You knew the following spells:

 Your Spells              Type           Power      Damage    Failure   Level
a - Sting                 Tmut/Pois      60%        1d6       3%          1
b - Poisonous Vapours     Pois/Air       26%        N/A       7%          2
c - Ignite Poison         Fire/Tmut/Pois 17%        N/A       19%         3

Your spell library contained the following spells:

 Spells                   Type           Power      Damage    Failure   Level
 Olgreb's Toxic Radiance  Pois           24%        N/A       16%         4
 Mephitic Cloud           Conj/Pois/Air  10%        N/A       21%         3


Dungeon Overview and Level Annotations

Branches:
Dungeon (3/15)

Altars:

Shops:
D:2 (


Innate Abilities, Weirdness & Mutations

You cannot wear most types of armour.
You are amphibious.
You can wear up to eight rings at the same time.
Your skin changes colour to match your surroundings (Stealth+).
Your rubbery body absorbs attacks. (AC +1, EV +1)
((You are camouflaged near water. (Stealth+)))
You have tentacles for arms and can constrict up to eight enemies at once.


Message History

A killer bee comes into view.
Poisonous vapours surround the killer bee!
The killer bee buzzes angrily.
You hear an angry buzzing noise.
The killer bee is engulfed in poison gas.
The killer bee looks even sicker.
A killer bee comes into view.
The killer bee barely misses you.
A killer bee comes into view.
You kill the killer bee!
The killer bee barely misses you.
You have reached level 5!
You feel clever.
Casting: Poisonous Vapours (safe; 7% risk of failure)
Confirm with . or Enter, or press ? or * to list all spells.
Aiming: Sting (safe; 3% risk of failure)
Press: ? - help, Shift-Dir - straight line, f - killer bee
Aim: a killer bee (48% to hit)
You miscast Sting.
You are very lightly contaminated with residual magic.
Nothing appears to happen.
A killer bee comes into view.
The killer bee barely misses you. The killer bee misses you.
Casting: Sting (safe; 3% risk of failure)
Confirm with . or Enter, or press ? or * to list all spells.
Aiming: Sting (safe; 3% risk of failure)
Press: ? - help, Shift-Dir - straight line, f/p - killer bee
Aim: a killer bee (48% to hit)
The sting hits the killer bee but does no damage.
The killer bee is poisoned.
The killer bee stings you. The killer bee stings you!
The killer bee barely misses you.
Unknown command.
As you read the scroll of teleportation {@r4}, it crumbles to dust.
You feel strangely unstable. The killer bee barely misses you.
The killer bee misses you. The killer bee barely misses you.
The killer bee stings you. The killer bee closely misses you.
The killer bee stings you!
* * * LOW HITPOINT WARNING * * *
The killer bee stings you!
You die...

.....(..##.#.....#
.......#.......#
.............#.#####
.........#..........
.........##y........
...<....###..##.....
...........y.# .....
..........yy## .###
.........y@# #
##...†....#
#........#
##.....†..###.#
#.............#
#.........#..##
#.###.....##..# .
#..........#
#....)......#


You could see 5 killer bees.

Vanquished Creatures
  A killer bee (D:3)
  Terence (D:2)
  An adder (D:2)
  2 dart slugs
  5 bats (D:1)
  5 endoplasms
  2 giant cockroaches
  4 goblins (D:1)
  3 hobgoblins
  3 jackals (D:1)
  7 kobolds
  2 quokkas
  3 ball pythons (D:1)
  4 rats
43 creatures vanquished.

Notes
Turn   | Place    | Note
-------+----------+-------------------------------------------
     0 | D:1      | freelancePsychic the Octopode Venom Mage began the quest
                  | for the Orb.
     0 | D:1      | Reached XP level 1. HP: 11/11 MP: 3/3
     6 | D:1      | Noticed a swamp drake
     6 | D:1      | Noticed a swamp worm
     6 | D:1      | Noticed a black bear
     7 | D:1      | Noticed an anaconda
     7 | D:1      | Noticed a hog
   250 | D:1      | Reached skill level 4 in Poison Magic
   250 | D:1      | Reached XP level 2. HP: 17/17 MP: 0/5
   746 | D:1      | Learned a level 2 spell: Poisonous Vapours
   843 | D:1      | Reached XP level 3. HP: 21/21 MP: 2/6
  1307 | D:1      | Learned a level 3 spell: Ignite Poison
  1821 | D:2      | Found Mex Giw's Antique Weapon Emporium.
  1990 | D:2      | Noticed Terence
  2007 | D:2      | Killed Terence
  2008 | D:2      | Reached skill level 5 in Poison Magic
  2008 | D:2      | Reached XP level 4. HP: 27/27 MP: 2/8
  2645 | D:3      | Reached XP level 5. HP: 31/31 MP: 4/10
  2649 | D:3      | Slain by a killer bee

Illustrated notes

Levels and vault maps discovered:
D:1:      onia_arrival_zoo_common, layout_loops_ring
D:2:      layout_basic, serial_shops, nicolae_shop_stone, moated_statue,
          supply_closet_lemuel, minmay_split_cup_small, uniq_terence
D:3:      layout_rooms, hellmonk_ecumenical_altar_heavens_door,
          dk_noncrumbling_4

Skill      XL: |  1  2  3 |
---------------+----------+-----
Poison Magic   | 4 5 |  5.4
Spellcasting   | 3 |  3.6
Dodging        | |  2.0
Stealth        | |  2.6
Transmutations | |  1.0

Action                   |  1- 3 |  4- 6 || total
-------------------------+-------+-------++-------
Melee: Unarmed           |     9 |       ||     9
       Constrict         |     5 |       ||     5
       Tentacles         |     4 |       ||     4
       Staff             |     4 |       ||     4
 Cast: Sting             |    58 |     7 ||    65
       Poisonous Vapours |    10 |    10 ||    20
  Use: Scroll            |     3 |     1 ||     4
Armor: Skin              |     1 |       ||     1
Dodge: Dodged            |    20 |     9 ||    29

Table legend: (Time is in decaauts)
 A = Elapsed time spent in this place.
 B = Non-inter-level travel time spent in this place.
 C = Inter-level travel time spent in this place.
 D = Time resting spent in this place.
 E = Time spent auto-exploring this place.
 F = Levels seen in this place.
 G = Mean time per level.
                   A        B        C        D        E       F      G
               +--------+--------+--------+--------+--------+-----+--------+
         Total |   2646 |   2548 |     98 |    353 |   1813 |   3 |  882.0 |
       Dungeon |   2646 |   2548 |     98 |    353 |   1813 |   3 |  882.0 |
               +--------+--------+--------+--------+--------+-----+--------+

Top non-repeatable levels by time:
     D:1: 1639 daAuts
     D:2: 847 daAuts
     D:3: 159 daAuts
